 Dungeon Crawl Stone Soup version 0.24-a0-183-g8902462 (webtiles) character file.

Game seed: 11453303355742196595

1281 Inarius the Sneak (level 8, -9/60 HPs)
             Began as a Demonspawn Assassin on Mar 15, 2019.
             Mangled by an orc warrior
             ... wielding a +0 glaive
              (16 damage)
             ... on level 6 of the Dungeon.
             The game lasted 00:07:41 (5797 turns).

Inarius the Sneak (Demonspawn Assassin)             Turns: 5797, Time: 00:07:41

Health: -9/60      AC:  5    Str: 11    XL:     8   Next: 29%
Magic:  8/8        EV: 14    Int: 13    God:
Gold:   236        SH:  0    Dex: 17    Spells: 7/7 levels left

rFire    . . .     SeeInvis .   n - +0 short sword (freeze)
rCold    . . .     Gourm    .   (no shield)
rNeg     . . .     Faith    .   c - +0 robe
rPois    .         Spirit   .   (helmet restricted)
rElec    .         Reflect  .   d - +0 cloak
rCorr    .         Harm     .   (no gloves)
MR       .....                  (no boots)
Stlth    ++++......             (no amulet)
HPRegen  0.20/turn              t - ring of stealth
MPRegen  0.11/turn              (no ring)

@: no status effects
A: horns 1, slimy green scales 1, demonic guardian 1, spiny 1
a: no special abilities


You were on level 6 of the Dungeon.
You were not hungry.

You visited 1 branch of the dungeon, and saw 6 of its levels.

You collected 236 gold pieces.

Inventory:

Hand Weapons
 a - a +2 dagger
 b - a +0 blowgun
 n - a +0 short sword of freezing (weapon)
Missiles
 e - 82 poisoned needles
 f - 2 curare-tipped needles
Armour
 c - a +0 robe (worn)
 d - a +0 cloak (worn)
Jewellery
 t - a ring of stealth (left hand)
Scrolls
 h - a scroll of blinking {unknown}
 k - 2 scrolls of fog {unknown}
 l - 2 scrolls of noise
 p - a scroll of summoning {unknown}
 r - 2 scrolls of magic mapping {unknown}
 s - 6 scrolls of remove curse
 v - 2 scrolls of amnesia
 x - a scroll of identify
 y - 2 scrolls of teleportation {unknown}
Potions
 i - 3 potions of curing {unknown}
 j - 3 potions of haste
 m - 6 potions of flight
 o - a potion of resistance {unknown}
 q - 4 potions of agility
 w - 2 potions of lignification
Comestibles
 g - 10 rations
 u - 8 chunks of flesh


   Skills:
 + Level 4.2 Fighting
 + Level 5.7 Short Blades
 + Level 2.4 Throwing
 + Level 3.9 Dodging
 + Level 6.3 Stealth


You had 7 spell levels left.
You didn't know any spells.
Your spell library was empty.

Dungeon Overview and Level Annotations

Branches:
Dungeon (6/15)
 Temple: D:4-7

Altars:
Dithmenos
Elyvilon
Nemelex Xobeh

Annotations:
D:3 1 runed translucent door, Nib's ghost, amateur GrCK


Innate Abilities, Weirdness & Mutations

You have a pair of small horns on your head.
You are partially covered in slimy green scales. (AC +2)
A weak demonic guardian rushes to your aid.
You are partially covered in sharp spines.


Message History

The centaur is moderately wounded.
The centaur misses you.
The orc warrior hits you from afar with a +0 glaive!
You hit the centaur but do no damage. You headbutt the centaur.
The centaur is moderately wounded.
The centaur closely misses you.
You hit the centaur. You freeze the centaur.
The centaur is severely wounded.
The centaur misses you.
The orc warrior hits you from afar with a +0 glaive.
The centaur is struck by your spines. The centaur barely misses you.
You hit the centaur. You freeze the centaur. You headbutt the centaur.
You kill the centaur!
The orc priest invokes the aid of Beogh against you.
Beogh smites you!
* * * LOW HITPOINT WARNING * * *
The orc wizard gestures wildly while chanting.
The orc wizard blinks!
The orc warrior hits you from afar with a +0 glaive!
You die...

... .# #.# .# ###
#.### .# #..
#.#.##.# #.#
#.÷#...# #.#
####.###.##.. .§o
#...## ##.#.# #o#
#.##.# #..#.# #)#
#.# ..#.#.#.# #@#
##.# .#.##.#.# #5#
...#
.#.##.#.###(######+#
..## .#
##÷#.....(.......
..# ..
#.......##....h.
......r ###.#####
...8. ..#... #.#
.... ..#.#.. ..# ...
..# # # ##.# +#


You could see an orc warrior, an orc priest and a friendly ufetubus.

Vanquished Creatures
  Pikel (D:5)
  Duvessa (D:4)
  3 slaves (D:5)
  A phantom (D:4)
  A centaur (D:6)
  An ogre (D:4)
  A water moccasin zombie (D:5)
  2 scorpions
  A crimson imp (D:5)
  A hound (D:4)
  A centaur skeleton (D:4)
  4 orc wizards
  3 adders
  A shadow imp (D:5)
  A worm (D:2)
  2 dart slugs
  2 leopard geckos
  20 orcs
  2 ball pythons (D:2)
  3 giant cockroaches
  5 goblins
  5 hobgoblins
  5 jackals
  5 kobolds
  3 quokkas
  4 bats
  13 rats
92 creatures vanquished.

Vanquished Creatures (collateral kills)
  A slave (D:5)
  Dowan (D:4)
  An orc priest (D:3)
  4 orcs (D:3)
7 creatures vanquished.

Vanquished Creatures (others)
  A withered plant (D:3)
1 creature vanquished.

Grand Total: 100 creatures vanquished

Notes
Turn   | Place    | Note
-------+----------+-------------------------------------------
     0 | D:1      | Inarius the Demonspawn Assassin began the quest for the
                  | Orb.
     0 | D:1      | Reached XP level 1. HP: 16/16 MP: 1/1
    92 | D:1      | Reached skill level 4 in Stealth
   107 | D:1      | Gained mutation: A weak demonic guardian rushes to your
                  | aid. [demonic ancestry]
   107 | D:1      | Reached XP level 2. HP: 7/22 MP: 2/2
   979 | D:1      | Reached XP level 3. HP: 12/27 MP: 3/3
  1540 | D:2      | Reached skill level 1 in Dodging
  2615 | D:3      | Gained mutation: You are partially covered in sharp spines.
                  | [demonic ancestry]
  2615 | D:3      | Reached XP level 4. HP: 29/34 MP: 4/4
  3070 | D:3      | Gained mutation: You are partially covered in slimy green
                  | scales. (AC +2) [demonic ancestry]
  3070 | D:3      | Reached XP level 5. HP: 39/39 MP: 5/5
  3074 | D:3      | Noticed Nib's ghost (amateur GrCK)
  3083 | D:3      | Found a runed translucent door.
  3468 | D:4      | Reached skill level 5 in Stealth
  3519 | D:4      | Found a white marble altar of Elyvilon.
  3519 | D:4      | Found a shadowy altar of Dithmenos.
  3520 | D:4      | Found a sparkling altar of Nemelex Xobeh.
  3580 | D:4      | Noticed Duvessa
  3582 | D:4      | Noticed Dowan
  3582 | D:4      | Noticed a phantom
  3592 | D:4      | Killed Dowan
  3841 | D:4      | Noticed an ogre
  3844 | D:4      | Killed an ogre
  3844 | D:4      | Reached XP level 6. HP: 47/47 MP: 6/6
  4511 | D:4      | Killed Duvessa
  4688 | D:5      | Entered Level 5 of the Dungeon
  4696 | D:5      | Gained mutation: You have a pair of small horns on your
                  | head. [demonic ancestry]
  4696 | D:5      | Reached XP level 7. HP: 52/52 MP: 7/7
  4974 | D:5      | Noticed Pikel
  5491 | D:5      | Killed Pikel
  5491 | D:5      | Reached skill level 5 in Short Blades
  5491 | D:5      | Reached skill level 6 in Stealth
  5491 | D:5      | Reached XP level 8. HP: 60/60 MP: 8/8
  5797 | D:6      | Mangled by an orc warrior

Levels and vault maps discovered:
D:1:      onia_arrival_mini_maze, layout_basic
D:2:      layout_basic
D:3:      layout_basic, gammafunk_ghost_grave
D:4:      layout_loops_ring, gammafunk_temple_overflow_claw, first_ration,
          uniq_duvessa
D:5:      layout_rooms, uniq_pikel
D:6:      layout_loops_ring, minmay_three_doors

Skill      XL: |  1  2  3  4  5  6  7 |
---------------+----------------------+-----
Stealth        | 4 5 6 |  6.3
Short Blades   | 2 3 4 5 |  5.7
Dodging        | 1 2 3 |  3.9
Fighting       | 3 4 |  4.2
Throwing       | 2 |  2.4

Action                   |  1- 3 |  4- 6 |  7- 9 || total
-------------------------+-------+-------+-------++-------
Melee: Dagger            |    79 |     3 |       ||    82
       Short sword       |    74 |   105 |    82 ||   261
       Headbutt          |       |       |    19 ||    19
 Fire: Blowgun           |       |     2 |     1 ||     3
  Use: Scroll            |       |     6 |       ||     6
       Potion            |       |       |     1 ||     1
 Stab: Sleeping          |     5 |     3 |     3 ||    11
       Distracted        |       |     2 |     2 ||     4
  Eat: Chunk             |     5 |     7 |     3 ||    15
Armor: Robe              |    29 |    14 |     9 ||    52
Dodge: Dodged            |    78 |    39 |    40 ||   157

Table legend:
 A = Non-vault XP
 B = Vault XP
 C = Vault XP percentage of total XP
 D = Non-vault monster count
 E = Vault monster count
 F = Vault count percentage of total count
                 A         B        C        D         E       F
            +---------+---------+-------+---------+---------+-------
      Total |    1080 |     751 |  41.0 |      91 |       4 |   4.2
            +---------+---------+-------+---------+---------+-------
        D:1 |      41 |       1 |   2.4 |      26 |       1 |   3.7
        D:2 |      40 |       0 |   0.0 |      12 |       0 |   0.0
        D:3 |     119 |       0 |   0.0 |      21 |       0 |   0.0
        D:4 |     365 |     143 |  28.1 |      11 |       2 |  15.4
        D:5 |     314 |     607 |  65.9 |      17 |       1 |   5.6
        D:6 |     201 |       0 |   0.0 |       4 |       0 |   0.0
            +---------+---------+-------+---------+---------+-------
